 Dungeon Crawl Stone Soup version 0.19-a0-998-gfd37873 (console) character file.

3552 Lasty the Carver (level 10, -6/63 HPs)
             Began as an Octopode Monk on July 17, 2016.
             Was an Initiate of Gozag.
             Mangled by an orc warrior
             ... wielding a +0 glaive
              (26 damage)
             ... in a bailey.
             The game lasted 00:28:59 (9296 turns).

Lasty the Carver (Octopode Monk)                    Turns: 9296, Time: 00:29:00

Health: -6/63      AC:  1    Str: 15    XL:     10   Next: 9%
Magic:  10/10      EV: 18    Int: 14    God:    Gozag
Gold:   703        SH:  0    Dex: 16    Spells: 1 memorised, 5 levels left

rFire  . . .     SeeInvis +     a - +1 great sword (freeze)
rCold  . . .     Gourm    .     (shield currently unavailable)
rNeg   . . .     Faith    .     (helmet restricted)
rPois  .         Spirit   .     (no amulet)
rElec  .         Dismiss  .     g - +4 ring of strength
rCorr  +         Reflect  .     m - ring of see invisible (curse)
SustAt .         Harm     .     K - ring of resist corrosion
MR     .....                    F - ring of flight
Stlth  +++.......               (no ring)
                                (no ring)
                                (no ring)
                                (no ring)

@: gold aura, not resistant to hostile enchantments, fairly stealthy
A: almost no armour, amphibious, 8 rings, constrict 8, camouflage 1, gelatinous
body 1
a: Potion Petition, Call Merchant, Bribe Branch, Renounce Religion, Evoke Flight


You were in a bailey.
You worshipped Gozag.
Gozag was pleased with you.
You were not hungry.

You visited 1 branch of the dungeon, and saw 8 of its levels.
You also visited: Bailey.

You collected 1213 gold pieces.
You paid 510 gold pieces to Gozag.


Innate Abilities, Weirdness & Mutations

You cannot wear most types of armour.
You are amphibious.
You can wear up to eight rings at the same time.
You can use your tentacles to constrict eight enemies at once.
Your skin changes colour to match your surroundings (Stealth+).
Your rubbery body absorbs attacks. (AC +1)


   Skills:
 - Level 3.0 Fighting
 * Level 11.8 Long Blades
 + Level 8.6 Dodging
 - Level 2.6 Stealth


You had 5 spell levels left.
You knew the following spells:

 Your Spells              Type           Power        Failure   Level  Hunger
s - Cause Fear            Hex            #.........   100%        4    #####..

Inventory:

Hand Weapons
 a - a +1 great sword of freezing (weapon)
   (You found it on level 8 of the Dungeon)
 b - a +0 shortbow
 k - a +1 falchion
 q - a +0 blowgun
 r - a +0 antimagic great sword
   (You took it off a wight on level 6 of the Dungeon)
 A - a +0 dagger
 B - a +0 dagger of venom
   (You found it on level 6 of the Dungeon)
 D - a +0 short sword of speed
   (You found it on level 5 of the Dungeon)
 I - a +0 giant club
 R - a +1 great sword
 S - a +2 halberd of venom
   (You found it on level 8 of the Dungeon)
 T - a +0 spear
Missiles
 h - 220 stones (quivered)
 w - 9 poisoned needles
 z - 3 tomahawks
 H - 119 arrows
Magical Staves
 E - an uncursed staff of power {unknown}
Jewellery
 g - a +4 ring of strength (left tentacle)
 m - a cursed ring of see invisible (right tentacle)
 F - a ring of flight (on tentacle)
 K - a ring of resist corrosion (on tentacle)
Wands
 L - a wand of enslavement (0/24)
 Q - a wand of polymorph (12/24)
Scrolls
 c - a scroll of enchant weapon
 e - a scroll of immolation {!r}
 f - a scroll of fear {!r}
 i - 4 scrolls of fog
 l - 2 scrolls of remove curse
 n - 2 scrolls of enchant armour
 p - a scroll of teleportation {!r}
 t - a scroll of blinking
 G - 2 scrolls of recharging
 O - a scroll of summoning {unknown}
Potions
 d - a potion of cure mutation {!q}
 j - a potion of cancellation {!q}
 o - a potion of mutation {!q}
 s - a potion of agility {!q}
 u - 2 potions of curing
 v - 3 potions of heal wounds {!q}
 x - a potion of lignification {!q}
 J - a potion of brilliance {!q}
 M - a potion of might {!q}
 P - a potion of ambrosia
Books
 y - a book of Enchantments

   Spells                             Type                      Level
   a - Cause Fear                     Hexes                        4
   b - Yara's Violent Unravelling     Hexes/Transmutation          5
   c - Silence                        Hexes/Air                    5
   d - Deflect Missiles               Charms/Air                   6
   e - Haste                          Charms                       6
   f - Discord                        Hexes                        8
Comestibles
 C - 2 slices of pizza
 N - 3 fruits


Message History

You grab the orc. The orc hits you but does no damage.
An orc comes into view. It is wielding a halberd.
You completely miss the orc.
The orc shouts!
You squeeze the orc.
The orc is almost dead.
You release your grip on the orc.
The orc completely misses you.
The orc is distracted by the nearby gold.
There is a gate leading back out of this place here.
Evoke which item? (* to show all) (? for menu, Esc to quit)
Zapping:
L - a wand of enslavement {zapped: 15} (will waste charges)
Aim: an orc warrior, wielding a halberd and wearing a ring mail (chance to defeat MR: 46%)
The orc warrior is charmed.
Evoking this partially-identified wand wasted a few charges.
The orc shouts!
The orc completely misses you. The orc misses you.
The orc dies!
The orc warrior hits your orc warrior with a glaive!
The orc is no longer distracted by gold.
The orc misses you.
The orc warrior hits your orc warrior with a glaive!
You see here a bolt.
You closely miss the orc. You grab the orc. The orc misses you.
The orc warrior hits your orc warrior with a glaive!
You hit the orc but do no damage. You squeeze the orc!
The orc is almost dead.
The orc hits you with a halberd!
You take 10 damage.
You hit the orc but do no damage. You squeeze the orc.
You kill the orc!
The orc warrior hits your orc warrior with a glaive!
Your orc warrior dies!
The orc warrior looks more experienced.
There is a gate leading back out of this place here.
The centaur wields an arbalest.
The centaur shoots a bolt.
The bolt hits you!
* * * LOW HITPOINT WARNING * * *
The orc warrior is distracted by the nearby gold.
The orc warrior shouts!
There is an empty arch of ancient stone, spattered with blood here.
You see here 3 bolts.
You hit the orc warrior but do no damage.
The orc warrior is no longer distracted by gold.
You grab the orc warrior. You squeeze the orc warrior.
The orc warrior is severely wounded.
You constrict the orc warrior.
The centaur shoots a bolt.
The bolt hits you!
* * * LOW HITPOINT WARNING * * *
The orc warrior hits you with a glaive!!
You die...
Your body crumbles into a pile of gold.

### ##∩## #.@(#
#$o$# ≈.......
$$≈.......≈c
≈$≈≈...$...≈≈)≈
$
$≈≈..#...#$.≈≈$
....▒#...#▒....
▒▒▒▒ ##∩## ▒▒▒▒


You could see an orc warrior and a centaur.

Vanquished Creatures
  A hungry ghost (D:7)
  A hippogriff (D:8)
  An ice beast (D:8)
  4 orc warriors (Bailey)
  4 phantoms
  A black bear (D:6)
  6 ogres
  A necrophage (D:7)
  2 centaurs
  A big kobold (D:8)
  3 giant frogs
  A scorpion (D:8)
  A howler monkey (D:4)
  5 wights
  2 crimson imps
  5 orc priests
  2 giant frog skeletons
  6 hounds
  Natasha (twice) (D:3)
  2 iguanas
  8 orc wizards
  2 worker ants (D:6)
  A killer bee zombie (D:8)
  3 worker ant zombies
  A gnoll (D:2)
  5 adders
  3 shadow imps (D:5)
  An adder skeleton (D:6)
  2 worms (D:2)
  3 dart slugs
  4 giant geckos
  24 orcs
  7 giant cockroaches
  9 goblins
  6 hobgoblins
  6 jackals
  14 kobolds
  3 quokkas
  A ball python (D:3)
  5 bats
  A giant newt (D:1)
  2 quokka skeletons
  13 rats
175 creatures vanquished.

Vanquished Creatures (collateral kills)
  A wight (D:8)
  2 orcs (Bailey)
3 creatures vanquished.

Vanquished Creatures (others)
  2 orc warriors (Bailey)
  A wight (D:8)
  An orc (Bailey)
4 creatures vanquished.

Grand Total: 182 creatures vanquished

Notes
Turn   | Place    | Note
-------+----------+-------------------------------------------
     0 | D:1      | Lasty the Octopode Monk began the quest for the Orb.
     0 | D:1      | Reached XP level 1. HP: 16/16 MP: 1/1
   201 | D:1      | Reached XP level 2. HP: 14/21 MP: 2/2
   632 | D:1      | Reached XP level 3. HP: 24/26 MP: 3/3
   773 | D:1      | Reached skill level 4 in Long Blades
  1424 | D:2      | Reached XP level 4. HP: 28/31 MP: 4/4
  1965 | D:2      | Found a glowing golden altar of the Shining One.
  1965 | D:2      | Found an opulent altar of Gozag.
  1974 | D:2      | Became a worshipper of Gozag Ym Sagoz the Greedy
  2059 | D:2      | Reached XP level 5. HP: 36/36 MP: 5/5
  2150 | D:2      | Reached skill level 5 in Long Blades
  2150 | D:2      | Reached skill level 4 in Dodging
  2551 | D:3      | Noticed Natasha
  2557 | D:3      | Killed Natasha
  2706 | D:3      | HP: 10/36 [poisoned by a kobold]
  2943 | D:3      | HP: 8/36 [orc priest/nerve-wracking pain (3)]
  3191 | D:3      | Reached XP level 6. HP: 38/42 MP: 6/6
  3551 | D:3      | Found a deep blue altar of Sif Muna.
  3551 | D:3      | Found a blossoming altar of Fedhas.
  3555 | D:3      | You fall through a shaft for 3 floors!
  3586 | D:6      | Learned a level 4 spell: Cause Fear
  3684 | D:6      | Reached skill level 6 in Long Blades
  3902 | D:6      | Reached skill level 5 in Dodging
  3902 | D:6      | Reached XP level 7. HP: 46/46 MP: 7/7
  3982 | D:6      | Found a staircase to the Ecumenical Temple.
  4052 | D:5      | Entered Level 5 of the Dungeon
  4215 | D:5      | Noticed Dowan
  4369 | D:5      | Reached skill level 7 in Long Blades
  4499 | D:4      | HP: 9/46 [centaur (5)]
  4500 | D:4      | HP: 3/46 [centaur (6)]
  4530 | D:4      | Reached XP level 8. HP: 24/52 MP: 8/8
  4879 | D:4      | HP: 15/52 [ogre/giant club (24)]
  4989 | D:5      | HP: 15/52 [hound (3)]
  5216 | D:4      | Reached skill level 8 in Long Blades
  5216 | D:4      | Reached skill level 6 in Dodging
  5746 | D:3      | Noticed Natasha
  5751 | D:3      | Killed Natasha
  5761 | D:3      | Noticed Sigmund
  6210 | D:5      | Reached skill level 9 in Long Blades
  6474 | D:5      | Reached skill level 7 in Dodging
  6474 | D:5      | Reached XP level 9. HP: 56/56 MP: 9/9
  6548 | D:5      | Found a hide-covered altar of Uskayaw.
  6562 | D:5      | Found an ancient bone altar of Kikubaaqudgha.
  6565 | D:5      | Found an iron altar of Okawaru.
  6568 | D:5      | Found a shimmering altar of Xom.
  7049 | D:6      | Reached skill level 10 in Long Blades
  8656 | D:7      | Reached skill level 11 in Long Blades
  8684 | D:8      | Reached skill level 8 in Dodging
  8763 | D:8      | HP: 13/56 [hippogriff (8)]
  8857 | D:8      | HP: 12/56 [wight/enchanted morningstar (12)]
  8969 | D:8      | Found a flagged portal.
  8986 | Bailey   | Entered a bailey
  8986 | Bailey   | Noticed an orc knight
  8988 | Bailey   | --hr
  8988 | Bailey   | --hrm
  9260 | Bailey   | Reached XP level 10. HP: 63/63 MP: 10/10
  9296 | Bailey   | Mangled by an orc warrior

Vault maps used:
D:1:      sevenhm_arrival_forest_fort_small_6, minmay_split_cup_large
D:2:      gammafunk_temple_overflow_elements, first_bread, cheibrodos_gnoll_hut
D:3:      gammafunk_temple_overflow_wave, uniq_sigmund, uniq_natasha
D:5:      grunt_temple_overflow_cloverleaf, minmay_misc_feat_chi, uniq_duvessa
D:8:      enter_bailey_2, tgw_kikubaaqudgha, uniq_psyche, uniq_grum
Bailey:   bailey_polearm_4, bailey

Action                   |  1- 3 |  4- 6 |  7- 9 | 10-12 || total
-------------------------+-------+-------+-------+-------++-------
Melee: Falchion          |    79 |   115 |   246 |       ||   440
       Constrict         |    23 |    32 |    50 |     4 ||   109
       Tentacles         |    16 |    32 |    89 |     5 ||   142
       Dagger            |       |     1 |       |       ||     1
       Great sword       |       |       |   107 |     8 ||   115
 Fire: Blowgun           |       |     1 |    11 |       ||    12
       Shortbow          |       |       |     3 |       ||     3
Throw: Stone             |     1 |    27 |    20 |       ||    48
Invok: Potion Petition   |       |     1 |     1 |       ||     2
Evoke: Wand              |       |       |     6 |     3 ||     9
  Use: Scroll            |       |       |    22 |       ||    22
 Stab: Sleeping          |    10 |     8 |     8 |       ||    26
       Distracted        |       |     1 |     2 |       ||     3
       Invisible         |       |       |     1 |       ||     1
  Eat: Chunk             |     2 |     1 |       |       ||     3
       Bread ration      |       |     1 |     2 |       ||     3
       Pizza             |       |     1 |       |       ||     1
       Meat ration       |       |       |     2 |       ||     2
       Royal jelly       |       |       |     1 |       ||     1
Armor: Skin              |     6 |     5 |     5 |       ||    16
Dodge: Dodged            |    28 |    51 |   163 |    10 ||   252

Skill      XL: |  1  2  3  4  5  6  7  8  9 |
---------------+----------------------------+-----
Long Blades    | 4 5 6 7 9 11 | 11.8
Dodging        | 4 5 7 8 |  8.6
Fighting       | |  3.0
Stealth        | |  2.6
